Map: Prion Terraces

Players

ILLBdA

  • Race: Protoss Protoss
  • League: Diamond

Pokemon - Winner!

  • Race: Terran Terran
  • League: Gold

VOD

Have the link to the VOD?

Description

Time

  • Played on: Dec. 14, 2015, 6:55 a.m.
  • Length: 9:05
Show
View Real Time Build Order
Export as new Build Order

ILLBdA Protoss 

Build Orders: 1 Gate Expand 

Get SALT Encoding   

  12  0:01  Probe (Chrono Boost)  
  13  0:11  Probe (Chrono Boost)  
  14  0:20  Pylon  
  14  0:24  Probe (Chrono Boost)  
  15  0:38  Probe (Chrono Boost)  
  15  0:39  Gateway  
  16  0:46  Assimilator  
  16  0:49  Probe (Chrono Boost)  
  17  0:59  Probe (Chrono Boost)  
  18  1:10  Probe (Chrono Boost)  
  19  1:20  Nexus  
  19  1:23  Probe (Chrono Boost)  
  20  1:35  Cybernetics Core, Probe (Chrono Boost)  
  21  1:43  Assimilator  
  21  1:46  Probe (Chrono Boost)  
  22  1:51  Pylon  
  22  1:57  Probe (Chrono Boost)  
  23  2:09  Probe (Chrono Boost)  
  23  2:11  Adept (Chrono Boost)  
  23  2:12  Warp Gate  
  26  2:23  Probe  
  26  2:27  Pylon  
  27  2:36  Mothership Core, Probe  
  29  2:46  Probe  
  29  2:50  Robotics Facility  
  30  2:57  Stalker (Chrono Boost), Probe x2  
  34  3:07  Probe  
  34  3:09  Probe  
  36  3:17  Gateway  
  36  3:18  Gateway  
  36  3:20  Probe  
  36  3:21  Probe  
  38  3:38  Warp Prism  
  38  3:39  Gateway  
  40  3:43  Gateway  
  40  3:49  Probe (Chrono Boost)  
  40  3:52  Pylon  
  41  3:57  Probe (Chrono Boost)  
  42  4:03  Probe (Chrono Boost)  
  42  4:09  Twilight Council  
  43  4:11  Assimilator  
  43  4:17  Adept x3  
  49  4:28  Probe (Chrono Boost)  
  49  4:30  Robotics Bay  
  51  4:31  Observer  
  51  4:32  Assimilator  
  51  4:35  Probe (Chrono Boost)  
  52  4:39  Probe (Chrono Boost)  
  54  4:45  Probe (Chrono Boost), Blink (Chrono Boost)  
  54  4:57  Zealot x4  
  52  5:09  Stalker x2  
  52  5:10  Probe  
  52  5:13  Probe  
  54  5:18  Disruptor  
  54  5:19  Stalker  
  54  5:20  Stalker  
  54  5:21  Probe  
  57  5:25  Forge  
  57  5:26  Probe  
  57  5:28  Pylon  
  59  5:36  Stalker  
  61  5:44  Pylon  
  61  5:45  Probe  
  61  5:49  Stalker x3  
  68  5:56  Probe  
  68  5:58  Probe, Disruptor  
  68  6:01  Pylon  
  68  6:04  Stalker  
  75  6:17  Stalker  
  77  6:19  Stalker  
  77  6:21  Stalker  
  81  6:28  Pylon  
  81  6:29  Warp Prism  
  81  6:30  Stalker  
  85  6:46  Stalker  
  87  6:47  Stalker x2  
  91  6:57  Stalker  
  93  7:25  Probe  
  93  7:26  Pylon  
  93  7:28  Pylon  
  92  7:30  Pylon  
  92  7:35  Disruptor  
  93  7:46  Stalker x3  
  93  7:47  Probe  
  100  8:02  Stalker  
  100  8:05  Probe  
  103  8:10  Templar Archives  
  103  8:16  Stalker x3  
  103  8:17  Nexus, Pylon  
  109  8:21  Photon Cannon  
  109  8:25  Photon Cannon  
  91  8:27  Stalker, Photon Cannon  
  69  8:39  Stalker x2  
  69  8:40  Stalker  
  71  8:41  Probe  
  72  8:53  Stalker  
  74  8:59  Gateway  
  74  9:00  Gateway, Pylon  
  74  9:01  Pylon  
Show
View Real Time Build Order
Export as new Build Order

Pokemon Terran - Winner!

Build Orders: Reaper Expand, MMM Bio 

Get SALT Encoding   

  12  0:01  SCV  
  13  0:17  SCV  
  13  0:19  Supply Depot  
  14  0:29  SCV  
  15  0:41  SCV  
  15  0:42  Barracks  
  16  0:45  Refinery  
  16  0:53  SCV  
  17  1:05  SCV  
  18  1:18  SCV  
  19  1:31  Reaper  
  19  1:32  Orbital Command  
  20  1:44  Command Center  
  20  1:48  Supply Depot  
  20  1:57  SCV  
  21  2:04  Barracks Reactor  
  21  2:10  SCV, Barracks  
  22  2:22  SCV  
  23  2:29  Factory  
  23  2:34  SCV  
  24  2:41  Marine x2  
  26  2:47  SCV  
  26  2:50  Refinery  
  27  2:57  Orbital Command  
  27  2:59  SCV  
  27  3:01  Marine x2  
  27  3:02  Barracks Tech Lab  
  30  3:11  SCV  
  31  3:18  Bunker  
  31  3:22  Marine x2  
  33  3:27  Cyclone  
  33  3:29  SCV  
  37  3:35  Supply Depot  
  37  3:40  SCV  
  38  3:42  SCV, Marine x2  
  41  3:52  SCV  
  41  3:55  SCV  
  43  4:00  Starport  
  43  4:04  SCV  
  43  4:09  SCV  
  45  4:10  Factory Reactor  
  45  4:12  Command Center  
  45  4:14  Supply Depot  
  45  4:18  Stimpack  
  45  4:19  Marine x2  
  45  4:23  SCV x2  
  49  4:27  Refinery  
  49  4:31  Engineering Bay  
  49  4:36  SCV  
  50  4:41  SCV  
  50  4:42  Supply Depot  
  50  4:43  Medivac  
  50  4:45  Marine x2  
  55  4:48  SCV  
  56  4:53  SCV  
  57  5:00  SCV  
  52  5:11  SCV  
  52  5:16  Marine  
  52  5:17  Marauder  
  52  5:19  Terran Infantry Weapons Level 1  
  55  5:21  SCV, Barracks x2  
  55  5:24  Refinery, Barracks  
  55  5:25  Medivac  
  55  5:26  Medivac  
  60  5:29  Orbital Command  
  60  5:37  SCV  
  60  5:40  Factory Tech Lab, SCV  
  62  5:44  Marine x2  
  62  5:45  Marauder  
  62  5:49  SCV  
  67  5:53  Supply Depot  
  67  5:54  Orbital Command  
  67  5:55  Supply Depot  
  67  5:56  SCV  
  68  5:59  Armory  
  68  6:00  Engineering Bay  
  68  6:13  Barracks Reactor, Barracks Tech Lab  
  68  6:20  Marine x2  
  68  6:21  Combat Shields  
  68  6:22  Medivac  
  68  6:23  Medivac  
  74  6:26  Marauder  
  74  6:27  Marauder  
  74  6:28  SCV x2  
  74  6:29  SCV  
  74  6:30  Terran Infantry Armor Level 1  
  81  6:35  Concussive Shells  
  81  6:40  SCV, Marine x2  
  81  6:42  Marauder  
  81  6:45  SCV, Missile Turret  
  87  6:48  Marauder  
  87  6:49  Supply Depot  
  87  6:50  Supply Depot  
  87  6:51  Supply Depot  
  87  6:52  SCV, Marine  
  91  6:57  Missile Turret  
  91  6:58  SCV  
  91  7:00  Medivac  
  94  7:01  Marine x3  
  85  7:10  Marine  
  85  7:11  Marauder x2, Marine  
  82  7:27  Marine x3  
  82  7:29  Marauder  
  87  7:33  Marauder  
  89  7:40  Marauder, Marine  
  92  7:45  Marine x3  
  92  7:51  Marauder  
  97  7:54  Marauder  
  97  7:58  Marine  
  99  8:02  Marauder  
  101  8:06  Marine x3  
  101  8:12  Marauder  
  106  8:15  Marine  
  101  8:27  Marine  
  101  8:28  Marauder, Marine  
  101  8:31  Marine x2  
  101  8:32  Medivac  
  101  8:33  Marauder x2  
  105  8:38  Orbital Command  
  105  8:40  SCV  
  106  8:45  Marine x2  
Tags
 
Add a new tag
Caveats
  • Supply blocks, unpowered buildings, or Contaminate may cause inaccurate times.
  • Supply counts are checked every 10 seconds.